 Dungeon Crawl Stone Soup version 0.21-a0-404-g291f19a (webtiles) character file.

28 theanonym the Skirmisher (level 3, -1/30 HPs)
             Began as a Formicid Abyssal Knight on Oct 30, 2017.
             Was a Believer of Lugonu.
             Slain by a gnoll
             ... wielding a cursed +0 club
              (6 damage)
             ... on level 1 of the Dungeon.
             The game lasted 00:03:14 (1015 turns).

theanonym the Skirmisher (Formicid Abyssal Knight)  Turns: 1015, Time: 00:03:15

Health: -1/30      AC:  4    Str: 17    XL:     3   Next: 27%
Magic:  3/4        EV: 11    Int: 11    God:    Lugonu [**....]
Gold:   63         SH:  0    Dex: 10    Spells: 2/2 levels left

rFire    . . .     SeeInvis +   a - +1 hand axe
rCold    . . .     Gourm    .   (no shield)
rNeg     . . .     Faith    .   b - +0 leather armour
rPois    .         Spirit   .   (helmet unavailable)
rElec    .         Reflect  .   (no cloak)
rCorr    .         Harm     .   d - +0 pair of gloves
MR       .....                  (no boots)
Stlth    +.........             (no amulet)
HPRegen  0.10/turn              (no ring)
MPRegen  0.09/turn              (no ring)

@: no status effects
A: permanent stasis, dig shafts and tunnels, four strong arms, antennae 3
a: Dig, Shaft Self, Depart the Abyss, Bend Space, Renounce Religion


You were on level 1 of the Dungeon.
You worshipped Lugonu.
Lugonu was pleased with you.
You were not hungry.

You visited 1 branch of the dungeon, and saw 2 of its levels.
You visited the Abyss 1 time.

You collected 63 gold pieces.

Inventory:

Hand Weapons
 a - a +1 hand axe (weapon)
Armour
 b - a +0 leather armour (worn)
 d - a +0 pair of gloves (worn)
   (You found it on level 1 of the Abyss)
 v - a +0 large shield
   (You found it on level 2 of the Dungeon)
Jewellery
 e - a +2 amulet of reflection {unknown}
   (You found it on level 1 of the Dungeon)
 r - a +2 ring of dexterity {unknown}
   (You found it on level 1 of the Dungeon)
Scrolls
 i - a scroll of remove curse {unknown}
 k - a scroll of amnesia {unknown}
 n - a scroll of recharging {unknown}
 p - 2 scrolls of immolation {unknown}
 q - 2 scrolls of enchant armour {unknown}
 u - a scroll of identify {unknown}
Potions
 h - a potion of agility {unknown}
 j - a potion of mutation {unknown}
 l - a potion of invisibility {unknown}
 o - a potion of ambrosia {unknown}
 s - a potion of curing {unknown}
Comestibles
 c - 2 bread rations
 f - 4 fruits
 g - 3 meat rations
 m - 2 royal jellies
 t - 2 chunks of flesh


   Skills:
 + Level 3.7 Fighting
 * Level 2.7 Axes
 + Level 2.7 Armour
 - Level 0.8 Dodging
 + Level 2.1 Invocations


You had 2 spell levels left.
You didn't know any spells.

Dungeon Overview and Level Annotations

Branches:
Dungeon (2/15)

Altars:


Innate Abilities, Weirdness & Mutations

You cannot be hasted, slowed, berserked, paralysed or teleported.
You can dig through walls and to a lower floor.
Your four strong arms can wield two-handed weapons with a shield.
You have a pair of large antennae on your head. (SInv)


Message History

u - a scroll labeled HIUSKU MAEDU You start resting.
Health restored: 30
Found a club.
You sense a monster nearby.
A quokka comes into view.
A quokka is nearby!
A quokka is nearby!
A quokka is nearby!
A kobold comes into view.
The kobold shouts!
The kobold throws a stone.
The stone hits you but does no damage.
You see here a stone.
The quokka bites you.
You take 5 damage, and have 25/30 hp.
You hit the quokka.
You kill the quokka!
Lugonu accepts your kill.
The kobold throws a stone.
The stone barely misses you.
You see here a quokka corpse.
You barely miss the kobold. The kobold misses you.
The kobold barely misses you.
You hit the kobold. The kobold misses you.
You barely miss the kobold. The kobold hits you but does no damage.
You hit the kobold.
You kill the kobold!
Lugonu accepts your kill.
No target in view!
No target in view!
No target in view!
You butcher the quokka corpse.
t - 4 chunks of flesh (gained 1)
You see here a quokka skeleton. x2
g - 3 meat rations (gained 1)
Found a large shield.
You regained 2 hp, and now have 28/30 hp.
A rat comes into view.
The rat twitches its whiskers.
The rat moves out of view.
The rat barely misses you.
You slash the rat!
You kill the rat!
Lugonu accepts your kill.
You can now bend space around yourself.
No target in view!
No target in view!
No target in view!
You see here a large shield.
v - a large shield You butcher the rat corpse.
t - 5 chunks of flesh (gained 1)
You see here a rat skeleton. x2
c - 2 bread rations (gained 1) Some of the chunks of flesh in your inventory have rotted away.
You sense a monster nearby.
Health restored: 30 You now have 63 gold pieces (gained 6).
Found a leather armour.
p - 2 scrolls labeled SAFOUNKINT (gained 1) Some of the chunks of flesh in your inventory have rotted away.
A gnoll comes into view. It is wielding a halberd.
The gnoll moves out of view.
Found a fuming orange potion.
No target in view!
No target in view!
You sense a monster nearby.
A gnoll comes into view. It is wielding a club.
A gnoll comes into view. It is wielding a spear.
The gnoll hits you with a halberd!
You see here a leather armour.
You take 10 damage, and have 20/30 hp.
MASSIVE DAMAGE!!
You hit the gnoll. The gnoll misses you.
You slash the gnoll! The gnoll hits you with a halberd!
* * * LOW HITPOINT WARNING * * *
You take 11 damage, and have 9/30 hp.
MASSIVE DAMAGE!!
There are monsters nearby!
The gnoll hits you from afar with a halberd.
* * * LOW HITPOINT WARNING * * *
You take 6 damage, and have 3/30 hp.
Okay, then.
The gnoll closely misses you.
The gnoll falls through a shaft!
The shaft crumbles and collapses.
You see here a rat skeleton.
There is a stone staircase leading up here.
Space bends around you!
You blink.
You take 2 damage, and have 7/30 hp.
You now have 3/4 mp.
The gnoll closely misses you. Space bends around you!
You blink.
You take 2 damage, and have 5/30 hp.
You now have 2/4 mp.
You hit the gnoll. The gnoll closely misses you.
The gnoll hits you with a club.
* * * LOW HITPOINT WARNING * * *
You take 1 damage, and have 4/30 hp.
The gnoll hits you but does no damage. The gnoll barely misses you.
There is a stone staircase leading up here.
The gnoll closely misses you. The gnoll barely misses you.
You climb upwards.
There is a stone staircase leading down here.
You hit the gnoll but do no damage. The gnoll hits you with a club.
You die...

..........###...#
................#
.......##.###...# #####
......###.####.####...##
..........##.....#.###.##
......######......## ##.#
##.#########.#)##.### #.#
.).# #.........##...###.#
#### #.......##.@##.##.##
######.......##.g##....#
#...##.........##..#.#.#
....##.......#.##.#..#.#
#...##.......###.##.##.#
##.###.......###.##.##.#
#.# ####.##...........#
##.#### #(##.#......####
......###...........#


You could see a gnoll.

Vanquished Creatures
  A worm (D:2)
  A leopard gecko (D:1)
  A ball python (D:2)
  A giant cockroach (D:2)
  A goblin (D:1)
  4 hobgoblins (D:1)
  3 kobolds
  A quokka (D:2)
  5 bats
  2 frilled lizards (D:1)
  4 rats
24 creatures vanquished.

Notes
Turn   | Place    | Note
-------+----------+-------------------------------------------
     0 | Abyss:1  | theanonym the Formicid Abyssal Knight began the quest for the Orb.
     0 | Abyss:1  | Reached XP level 1. HP: 18/18 MP: 2/2
    48 | D:1      | Escaped the Abyss
   239 | D:1      | Reached XP level 2. HP: 21/24 MP: 3/3
   700 | D:2      | Reached XP level 3. HP: 25/29 MP: 4/4
   871 | D:2      | Reached ** piety under Lugonu
   947 | D:2      | HP: 3/30 [gnoll/halberd (6)]
  1009 | D:2      | HP: 4/30 [gnoll/club (1)]
  1015 | D:1      | Slain by a gnoll

Vault maps used:
D:1:      scummos_arrival_simple_crosswalls, minivault_14, st_stairs_7,
          minivault_24
D:2:      led_sif_pool, serial_aquarium, aquarium_bridge_straight,
          aquarium_bridge_square, aquarium_window_fake,
          aquarium_window_corridor_3, aquarium_view_4, aquarium_view_2b,
          aquarium_balcony_double_1, aquarium_pool_corner, minmay_misc_feat_x

Action                   || total
-------------------------++-------
Melee: Hand axe          ||    71
Invok: Bend Space        ||     2
 Stab: Sleeping          ||     1
Armor: Leather armour    ||    18
Dodge: Dodged            ||    53

Table legend:
 A = Spawn XP
 B = Non-spawn XP
 C = Spawn XP percentage of total XP
 D = Spawn monster count
 E = Non-spawn monster count
 F = Spawn count percentage of total count
 G = Total turns spent on level
                    A         B        C        D         E        F      G
               +---------+---------+-------+---------+---------+-------+---------
         Total |       0 |      40 |   0.0 |       0 |      24 |   0.0 |  1015
               +---------+---------+-------+---------+---------+-------+---------
           D:1 |       0 |      23 |   0.0 |       0 |      15 |   0.0 |   598
           D:2 |       0 |      17 |   0.0 |       0 |       9 |   0.0 |   369
               +---------+---------+-------+---------+---------+-------+---------
